 Dungeon Crawl Stone Soup version 0.28-a0-503-g83f2989fac (webtiles) character file.

Game seed: 11840995908993522671

11251 bande the Cleaver (level 11, -9/67 HPs)
             Began as a Gargoyle Fighter on Sept 20, 2021.
             Was a High Priest of Okawaru.
             Mangled by a five-headed hydra (11 damage)
             ... on level 1 of the Lair of Beasts.
             The game lasted 00:25:21 (12174 turns).

bande the Cleaver (Gargoyle Fighter)               Turns: 12174, Time: 00:25:22

Health: -9/67      AC: 28    Str: 25    XL:     11   Next: 74%
Magic:  15/16      EV: 10    Int: 11    God:    Okawaru [*****.]
Gold:   146        SH: 18    Dex: 17    Spells: 10/10 levels left

rFire   + + +      SeeInvis .   i - +0 flail (holy)
rCold   + . .      Faith    .   b - +5 kite shield of Forking Paths {rF++ rC+}
rNeg    + . .      Spirit   .   v - +0 plate armour
rPois   ∞          Reflect  .   d - +2 hat {Int+3}
rElec   +          Harm     .   g - scarf {repulsion}
rCorr   .          Rampage  .   H - +1 pair of gloves {Str+3}
Will    .....                   (no boots)
Stlth   ..........              (no amulet)
HPRegen 0.21/turn               l - +4 ring of slaying
MPRegen 0.15/turn               h - +6 ring of dexterity

@: heroic, repel missiles
A: sickness immunity, AC +8, negative energy resistance 1, electricity
resistance, torment resistance 1, petrification resistance, antennae 1, fire
resistance 1
a: Renounce Religion, Heroism, Finesse, Duel


You were on level 1 of the Lair of Beasts.
You worshipped Okawaru.
Okawaru was extremely pleased with you.
You visited 3 branches of the dungeon, and saw 11 of its levels.

You collected 666 gold pieces.
You spent 520 gold pieces at shops.

Inventory:

Hand Weapons
 a - a +1 war axe of freezing
 i - a +0 flail of holy wrath (weapon)
 s - a +0 war axe
Missiles
 w - a throwing net (quivered)
Armour
 b - the +5 kite shield of Forking Paths (worn) {rF++ rC+}
   (You acquired it on level 4 of the Dungeon)

   rF:        It greatly protects you from fire.
   rC:        It protects you from cold.
 d - a +2 hat of intelligence (worn)
 g - a scarf of repulsion (worn)
 v - a +0 plate armour (worn)
 H - a +1 pair of gloves of strength (worn)
Jewellery
 h - a +6 ring of dexterity (right hand)
 k - a ring of fire
 l - a +4 ring of slaying (left hand)
 r - a ring of protection from cold
 y - a ring of magical power
 A - a +6 ring of strength
 B - a ring of magical power
 E - a +6 ring of dexterity
 I - a +6 ring of intelligence
Wands
 o - a wand of polymorph (14)
 t - a wand of digging (1)
 u - a wand of paralysis (11)
 C - a wand of flame (25)
 D - a wand of iceblast (27)
Scrolls
 c - 2 scrolls of amnesia
 e - 4 scrolls of enchant weapon
 m - a scroll of enchant armour
 q - 3 scrolls of fog
 x - 2 scrolls of teleportation
 F - a scroll of magic mapping
 J - a scroll of fear
 K - a scroll of blinking
 L - a scroll of identify
Potions
 f - 3 potions of flight
 j - 2 potions of curing
 n - a potion of magic
 p - a potion of haste
 z - 2 potions of mutation
 G - a potion of attraction {unknown}


   Skills:
 + Level 7.4(12.4) Fighting
 + Level 10.4(15.4) Axes
 + Level 7.8(12.8) Armour
 - Level 0.4(5.4) Stealth
 + Level 8.8(13.8) Shields
 * Level 7.2 Invocations
 * Level 5.2 Evocations


You had 10 spell levels left.
You didn't know any spells.
Your spell library contained the following spells:

 Spells                   Type           Power      Damage    Failure   Level
 Magic Dart               Conj           0%         1d3       98%         1
 Mephitic Cloud           Conj/Pois/Air  0%         N/A       100%        3
 Borgnjor's Vile Clutch   Necr/Erth      0%         N/A       100%        5
 Freezing Cloud           Conj/Ice/Air   0%         6-21      100%        5
 Polar Vortex             Ice            0%         N/A       100%        9
 Call Imp                 Summ           Unusable   N/A       N/A         2
 Animate Dead             Necr           Unusable   N/A       N/A         4
 Death Channel            Necr           Unusable   N/A       N/A         6
 Simulacrum               Ice/Necr       Unusable   N/A       N/A         6

Dungeon Overview and Level Annotations

Branches:
Dungeon (9/15)             Temple (1/1) D:4            Lair (1/6) D:9
    Orc: D:9-12

Altars:
Elyvilon
Fedhas
Makhleb
Okawaru
Ru
Uskayaw
Vehumet
Wu Jian

Shops:
D:2 ?   D:4 *


Innate Abilities, Weirdness & Mutations

You are immune to sickness and miasma.
Your stone body is resilient. (AC +8)
You are immune to poison.
You resist negative energy. (rN+)
You are resistant to electric shocks. (rElec)
You are resistant to unholy torment.
You are immune to petrification.
You have a pair of small antennae on your head.
Your flesh is heat resistant. (rF+)


Message History

* * * LOW HITPOINT WARNING * * *
The five-headed hydra bites you but does no damage. x2
You block the five-headed hydra's attack.
The five-headed hydra bites you but does no damage.
You thump the five-headed hydra!
The five-headed hydra is heavily wounded.
Unknown command.
You hit the five-headed hydra.
The five-headed hydra is severely wounded.
The five-headed hydra bites you but does no damage.
You block the five-headed hydra's attack.
The five-headed hydra bites you but does no damage. x2
The five-headed hydra barely misses you.
You sock the five-headed hydra!
The five-headed hydra is severely wounded.
The five-headed hydra barely misses you.
You block the five-headed hydra's attack.
The five-headed hydra bites you but does no damage. x2
The five-headed hydra barely misses you.
You hit the five-headed hydra.
The five-headed hydra is severely wounded.
The five-headed hydra bites you!
* * * LOW HITPOINT WARNING * * *
You block the five-headed hydra's attack.
The five-headed hydra bites you but does no damage.
The five-headed hydra completely misses you.
You block the five-headed hydra's attack.
Unknown command.
You feel better.
You block the five-headed hydra's attack.
The five-headed hydra bites you but does no damage. x2
You block the five-headed hydra's attack.
The five-headed hydra barely misses you.
You sock the five-headed hydra!
The five-headed hydra is almost dead.
You block the five-headed hydra's attack.
The five-headed hydra bites you.
* * * LOW HITPOINT WARNING * * *
The five-headed hydra bites you!
You die...

## #..≈≈≈≈≈≈≈≈≈.....# ..
...≈≈≈≈.≈≈≈≈.#...# .#
#≈≈≈≈.>.≈≈≈≈....# #.
#≈≈≈≈...≈≈≈≈#....
##.##.≈≈≈≈≈≈≈≈≈≈#....
#...#.≈≈≈≈≈≈≈≈≈.≈....
#...≈≈≈≈≈≈≈≈≈...... ###
#.#...≈≈≈≈≈.###....
....##.@############...†
......#D## ##.....
.........# ###......
.........# #........
≈P≈P≈P....# ##........
≈≈≈P≈≈....# ##.........
≈P≈PP≈....# #..........
P≈≈≈≈...... ...........
≈≈≈≈≈≈...#.# ...........


You could see a five-headed hydra.

Vanquished Creatures
  2 two-headed ogres (D:9)
  Pikel (D:6)
  2 deep elf pyromancers (D:9)
  A manticore (D:7)
  A cyclops (D:7)
  Joseph (D:7)
  2 cane toads (Lair:1)
  A komodo dragon (Lair:1)
  A troll (D:9)
  5 blink frogs (Lair:1)
  Sigmund (D:4)
  Eustachio (D:4)
  8 yaks
  A basilisk (D:9)
  A wyvern (Lair:1)
  2 steam dragons (D:8)
  3 water moccasins
  A swamp drake (D:9)
  Duvessa (D:4)
  An orc warrior (D:9)
  An ice beast (D:7)
  3 sky beasts
  A black bear (D:3)
  An ogre (D:5)
  A necrophage (D:6)
  3 centaurs
  2 kobold brigands (D:6)
  4 lemures (D:6)
  A phantom (D:6)
  A wyvern zombie (D:6)
  4 bullfrogs
  5 scorpions
  Dowan (D:4)
  A water moccasin skeleton (D:7)
  5 killer bees (D:9)
  5 wights (D:9)
  A crimson imp (D:9)
  3 centaur zombies
  A bullfrog zombie (D:6)
  A jelly (D:5)
  2 centaur skeletons
  2 orc priests (D:6)
  A gnoll shaman (D:7)
  An iron imp (D:9)
  An iguana (D:4)
  6 orc wizards
  A hound zombie (D:5)
  2 hound skeletons (D:4)
  A howler monkey zombie (D:9)
  7 gnolls
  7 adders
  A shadow imp (D:9)
  A white imp (D:7)
  An ufetubus (D:5)
  An adder skeleton (D:4)
  A worm (D:3)
  4 dart slugs
  26 orcs
  6 ball pythons
  7 bats
  3 endoplasms
  3 giant cockroaches
  8 goblins
  5 hobgoblins
  13 jackals
  11 quokkas
  2 frilled lizards (D:3)
  16 kobolds
  3 rats
225 creatures vanquished.

Vanquished Creatures (others)
  An orc wizard (D:9)
  A white imp (D:9)
  13 plants (D:2)
15 creatures vanquished.

Grand Total: 240 creatures vanquished

Notes
Turn   | Place    | Note
-------+----------+-------------------------------------------
     0 | D:1      | bande the Gargoyle Fighter began the quest for the Orb.
     0 | D:1      | Reached XP level 1. HP: 14/14 MP: 1/1
   335 | D:1      | Reached XP level 2. HP: 19/19 MP: 2/2
   585 | D:1      | Reached skill level 2 in Axes
   829 | D:1      | Reached XP level 3. HP: 20/23 MP: 3/3
  1405 | D:2      | Found Uschelel's Magic Scroll Emporium.
  1743 | D:2      | Found a faded altar of an unknown god.
  2007 | D:2      | Reached XP level 4. HP: 27/28 MP: 4/4
  2069 | D:2      | Reached skill level 3 in Axes
  2653 | D:3      | Noticed a black bear
  2667 | D:3      | Killed a black bear
  2668 | D:3      | Reached XP level 5. HP: 19/33 MP: 5/5
  2875 | D:3      | Gained mutation: You are frail. (-10% HP) [potion of
                  | mutation]
  2875 | D:3      | Gained mutation: Your flesh is heat resistant. (rF+)
                  | [potion of mutation]
  2875 | D:3      | Gained mutation: Your mind is acute. (Int +2) [potion of
                  | mutation]
  3357 | D:3      | Lost mutation: You are frail. (-10% HP) [potion of
                  | mutation]
  3357 | D:3      | Lost mutation: Your mind is acute. (Int +2) [potion of
                  | mutation]
  3357 | D:3      | Gained mutation: You have a pair of small antennae on your
                  | head. [potion of mutation]
  3548 | D:4      | Noticed Sigmund
  3564 | D:4      | Reached skill level 4 in Axes
  3564 | D:4      | Reached XP level 6. HP: 2/38 MP: 6/6
  3565 | D:4      | Killed Sigmund
  3912 | D:4      | Reached XP level 7. HP: 42/44 MP: 7/7
  3923 | D:4      | Reached skill level 5 in Armour
  3944 | D:4      | Identified a scroll of acquirement
  3944 | D:4      | Acquired the +5 kite shield of Forking Paths {rF++ rC+}
  4203 | D:4      | Found Duhuzxoeqy's Neck Hole.
  4207 | D:4      | Noticed Eustachio
  4218 | D:4      | Killed Eustachio
  4219 | D:4      | Reached skill level 5 in Axes
  4251 | D:4      | Found a staircase to the Ecumenical Temple.
  4271 | Temple   | Entered the Ecumenical Temple
  4310 | Temple   | Became a worshipper of Warmaster Okawaru
  4537 | D:4      | Noticed Duvessa
  4542 | D:4      | Noticed Dowan
  4547 | D:4      | Killed Duvessa
  4548 | D:4      | Reached skill level 5 in Shields
  4560 | D:4      | Killed Dowan
  4561 | D:4      | Reached XP level 8. HP: 25/48 MP: 8/8
  5092 | D:4      | Reached skill level 6 in Axes
  5355 | D:5      | Entered Level 5 of the Dungeon
  5375 | D:5      | Reached skill level 5 in Fighting
  5375 | D:5      | Reached skill level 1 in Invocations
  5514 | D:5      | Reached * piety under Okawaru
  5930 | D:5      | Reached ** piety under Okawaru
  6334 | D:6      | Reached skill level 7 in Axes
  6393 | D:6      | Reached XP level 9. HP: 41/54 MP: 11/11
  6702 | D:6      | Reached skill level 1 in Evocations
  6743 | D:6      | Noticed Pikel
  6764 | D:6      | Killed Pikel
  6829 | D:6      | Reached *** piety under Okawaru
  7141 | D:6      | Reached skill level 8 in Axes
  7370 | D:6      | Reached XP level 10. HP: 60/60 MP: 13/13
  7835 | D:7      | Noticed a cyclops
  7846 | D:7      | Killed a cyclops
  7847 | D:7      | Reached skill level 5 in Invocations
  7899 | D:7      | Noticed a manticore
  7907 | D:7      | Killed a manticore
  8118 | D:7      | Noticed Joseph
  8137 | D:7      | Killed Joseph
  8137 | D:7      | Reached **** piety under Okawaru
  8138 | D:7      | Reached skill level 9 in Axes
  8765 | D:7      | Found an ornate altar of the Wu Jian Council.
  8765 | D:7      | Found a faded altar of an unknown god.
  8772 | D:7      | Found a white marble altar of Elyvilon.
  8774 | D:7      | Found a radiant altar of Vehumet.
  8776 | D:7      | Found a burning altar of Makhleb.
  9716 | D:9      | Found a staircase to the Lair.
  9757 | D:9      | Noticed a two-headed ogre
  9759 | D:9      | Noticed a two-headed ogre
  9764 | D:9      | Killed a two-headed ogre
  9768 | D:9      | Killed a two-headed ogre
  9768 | D:9      | Received a gift from Okawaru
  9768 | D:9      | Reached ***** piety under Okawaru
  9769 | D:9      | Reached XP level 11. HP: 9/66 MP: 15/15
 10244 | D:9      | Noticed a deep elf pyromancer
 10244 | D:9      | Noticed a deep elf pyromancer
 10261 | D:9      | Killed a deep elf pyromancer
 10264 | D:9      | Killed a deep elf pyromancer
 10466 | D:9      | Identified the +0 hat of the Cockroach {SInv}
 11029 | D:2      | Bought a scroll of acquirement for 520 gold pieces
 11031 | D:2      | Acquired a +1 pair of gloves of strength
 11485 | Lair:1   | Entered Level 1 of the Lair of Beasts
 11495 | D:9      | Reached skill level 10 in Axes
 11627 | Lair:1   | Identified the +7 executioner's axe "Osuoluax" {drain,
                  | Int+2} (Okawaru gifted it to you on level 1 of the Lair of
                  | Beasts)
 11627 | Lair:1   | Received a gift from Okawaru
 11628 | Lair:1   | Reached skill level 5 in Evocations
 12153 | Lair:1   | Noticed a five-headed hydra
 12172 | Lair:1   | HP: 2/67 [five-headed hydra (12)]
 12174 | Lair:1   | Mangled by a five-headed hydra

Illustrated notes

Levels and vault maps discovered:
D:1:      matt_arrival_diagonals, layout_basic, minmay_misc_feat_square,
          minmay_tromino_v4_a
D:2:      wad_woods_tower, layout_basic, serial_shops, shop,
          shapermc_ecumenical_altar_notcrosses
D:3:      layout_rooms, grunt_ministairs_15
D:4:      kennysheep_six_static_rooms, layout_loops_ring,
          minmay_temple_entry_mini_moons, chequers_serial_rivers_marsh,
          nicolae_shop_sticking_my_neck_out, uniq_sigmund, uniq_eustachio,
          uniq_duvessa
D:5:      layout_loops_ring
D:6:      layout_gridville, minmay_crystal_room, uniq_pikel
D:7:      layout_gridville, chequers_temple_overflow_minitemple,
          serial_co_window_serial, co_window_of_opportunity_a,
          co_window_corner_a, co_window_of_opportunity_a, co_window_paths_a,
          co_window_paths_b, co_window_paths_b, co_window_paths_c,
          co_window_unsneaky_path_a, co_window_corner_b, co_window_paths_d,
          co_window_4corner_a, glass_columns_b, glass_columns_c,
          glass_columns_b, glass_columns_a, glass_columns_b,
          minmay_starry_boxes, uniq_joseph
D:8:      layout_loops_cross
D:9:      layout_loops_ring, lair_entry_dummy, hangedman_minor_magic
Temple:   dpeg_five_rooms_temple
Lair:1:   lemuel_ratsnest, layout_cave_pods, infiniplex_staircase_pool_2,
          serial_bayou_shore_a

Skill      XL: |  1  2  3  4  5  6  7  8  9 10 11 |
---------------+----------------------------------+-----
Axes           | 2 3 4 5 7 8 9 10 | 10.4
Shields        | 4 5 6 8 |  8.8
Armour         | 4 5 6 7 |  7.8
Fighting       | 4 5 6 7 |  7.4
Invocations    | 2 4 6 7 |  7.2
Evocations     | 2 4 5 |  5.2
Stealth        | |  0.4

Action                   |  1- 3 |  4- 6 |  7- 9 | 10-12 || total
-------------------------+-------+-------+-------+-------++-------
Melee: War axe           |    95 |   109 |   252 |   254 ||   710
       Flail             |       |       |       |    12 ||    12
Invok: Heroism           |       |       |       |     1 ||     1
  Use: Scroll            |     4 |     4 |     6 |     4 ||    18
       Potion            |       |     5 |       |     1 ||     6
 Stab: Confused          |       |       |       |     2 ||     2
Armor: Scale mail        |    70 |    30 |       |       ||   100
       Chain mail        |       |    44 |   141 |     2 ||   187
       Plate armour      |       |       |       |   187 ||   187
Dodge: Dodged            |    59 |    53 |    46 |    62 ||   220
       Repelled          |       |       |     1 |     3 ||     4
Block: Buckler           |    23 |    35 |     4 |       ||    62
       Kite shield       |       |       |   197 |   303 ||   500

Table legend: (Time is in decaauts)
 A = Elapsed time spent in this place.
 B = Non-inter-level travel time spent in this place.
 C = Inter-level travel time spent in this place.
 D = Time resting spent in this place.
 E = Time spent auto-exploring this place.
 F = Levels seen in this place.
 G = Mean time per level.
                   A        B        C        D        E       F      G
               +--------+--------+--------+--------+--------+-----+--------+
         Total |  12397 |  11928 |    469 |   2320 |   7107 |  11 | 1127.0 |
       Dungeon |  11714 |  11245 |    469 |   2317 |   6596 |   9 | 1301.6 |
        Temple |     75 |     75 |      0 |      0 |     34 |   1 |   75.0 |
          Lair |    607 |    607 |      0 |      3 |    477 |   1 |  607.0 |
               +--------+--------+--------+--------+--------+-----+--------+

Top non-repeatable levels by time:
     D:4: 1933 daAuts
     D:2: 1421 daAuts
     D:7: 1410 daAuts
     D:1: 1310 daAuts
     D:6: 1293 daAuts
     D:9: 1210 daAuts
     D:3: 1072 daAuts
     D:8: 1039 daAuts
     D:5: 1022 daAuts
  Lair:1: 607 daAuts
  Temple: 75 daAuts
